[Event "7th Cattolica Open-B 2020"]
[Site "Cattolica"]
[Date "2020.09.06"]
[Round "7.1"]
[White "Mammi, Samuele"]
[Black "Marani, Luca"]
[Result "1-0"]
[ECO "A29"]
[WhiteElo "1847"]
[BlackElo "1736"]
[Annotator "NA"]
[PlyCount "85"]
[EventDate "2020.08.31"]
[EventType "swiss"]
[EventCountry "ITA"]
[SourceTitle "playchess.com"]
[Source "ChessBase"]
[SourceQuality "1"]
[TimeControl "5400+30"]

1. c4 e5 2. Nc3 Nf6 3. g3 d5 4. cxd5 Nxd5 5. Bg2 Be6 6. Nf3 Nc6 7. O-O Be7 8. d4 Nxc3 9. bxc3 e4 10. Ne5 f5 11. Qa4 Qd6 12. Bf4 g5 13. Nf7 Qd5 14. Nxg5 Bd7 15. Qb3 Qxb3 16. axb3 a6 17. Nh3 O-O-O 18. d5 Nb8 19. Be5 Rhg8 20. Nf4 Be8 21. Bh3 Bg6 22. c4 Nd7 23. Bc3 Bd6 24. Ne6 Rde8 25. f3 Nc5 26. Ng7 Ref8 27. b4 Nd7 28. Ne6 Rf7 29. fxe4 fxe4 30. Rxf7 Bxf7 31. Rf1 Bg6 32. c5 Be7 33. Nd4 Kd8 34. c6 bxc6 35. dxc6 Nb8 36. Ne6+ Kc8 37. Nc5+ Kd8 38. Rd1+ Bd6 39. Bf6+ Ke8 40. Rxd6 cxd6 41. c7 Kf7 42. Be6+ Kxf6 43. Bxg8 1-0

[Event "7th Cattolica Open-B 2020"]
[Site "Cattolica"]
[Date "2020.09.06"]
[Round "7.2"]
[White "Ismayilov, Ulvi"]
[Black "D`Agostino, Maurizio"]
[Result "1/2-1/2"]
[ECO "C10"]
[WhiteElo "1713"]
[BlackElo "1893"]
[Annotator "NA"]
[PlyCount "115"]
[EventDate "2020.08.31"]
[EventType "swiss"]
[EventCountry "ITA"]
[SourceTitle "playchess.com"]
[Source "ChessBase"]
[SourceQuality "1"]
[TimeControl "5400+30"]

1. d4 e6 2. e4 d5 3. Nc3 Nc6 4. Nf3 Nf6 5. e5 Ne4 6. Bd3 Bb4 7. Bd2 Nxd2 8. Qxd2 Bd7 9. a3 {[%emt 0:00:21] C10: French with 3 Nc3: Unusual Black 3rd moves and 3...dxe4.} Ba5 10. O-O Qe7 {[%emt 0:00:17] [#]} 11. Qf4 $146 ({Predecessor:} 11. b4 Bb6 12. Ne2 O-O 13. c3 a6 14. Ng3 f6 15. exf6 Rxf6 16. Rae1 Raf8 17. Ne5 Nxe5 18. Rxe5 {0-1 (24) Eibl,M (2113)-Maiorov,D (1988) playchess.com INT 2012}) 11... h6 12. b4 g5 13. Qg3 Bb6 14. Ne2 O-O-O 15. c4 dxc4 16. Bxc4 Rdg8 17. Rfd1 h5 18. Ra2 g4 19. Ne1 h4 20. Qc3 Qg5 21. Qe3 Qg7 22. Nd3 Ne7 23. Nc5 g3 24. fxg3 Nf5 25. Qe4 Bxc5 26. bxc5 hxg3 27. h3 Rh4 28. Qf3 Qg5 29. Rd3 Bc6 30. d5 Rxc4 31. dxc6 bxc6 $19 32. Rad2 Qe7 33. Qxc6 Qxc5+ 34. Qxc5 Rxc5 35. Rc3 Rxc3 36. Nxc3 Ne3 37. Ne4 Nc4 38. Rd3 Nxe5 39. Rxg3 Rxg3 40. Nxg3 Nc4 41. h4 Kd8 42. a4 Ke7 43. Kf2 a5 44. Ne4 Nb6 45. Nc5 f5 46. Kf3 Kf6 47. g4 fxg4+ 48. Kxg4 e5 49. h5 c6 50. Ne4+ Kg7 51. Nc5 Kh6 52. Kf5 Nc4 53. Kg4 Nd6 54. Nd7 Nc4 55. Kf5 Kxh5 56. Nxe5 Nb6 57. Nxc6 Nxa4 58. Nxa5 1/2-1/2

[Event "7th Cattolica Open-B 2020"]
[Site "Cattolica"]
[Date "2020.09.06"]
[Round "7.3"]
[White "Saviane, Giorgio"]
[Black "Vitaliani, Marco"]
[Result "0-1"]
[ECO "C02"]
[WhiteElo "1643"]
[BlackElo "1911"]
[Annotator "ChessBase"]
[PlyCount "96"]
[EventDate "2020.08.31"]
[EventType "swiss"]
[EventCountry "ITA"]
[SourceTitle "playchess.com"]
[Source "ChessBase"]
[SourceQuality "1"]
[TimeControl "5400+30"]

1. e4 e6 2. d4 d5 3. e5 c5 4. c3 Nc6 5. Nf3 Qb6 6. a3 Nh6 7. Bd3 cxd4 8. cxd4 Nf5 9. Bxf5 exf5 10. Nc3 Be6 11. O-O h6 12. b4 Be7 13. Be3 O-O 14. Qd3 Rfc8 15. Rfc1 Qd8 16. Nd2 a5 17. b5 Nb8 18. Na4 Nd7 19. Nb3 Rxc1+ 20. Nxc1 Rc8 21. Ne2 Nb6 22. Nc5 Rc7 23. Nf4 Qc8 24. Qe2 Nc4 25. Ncxe6 fxe6 26. Qh5 Bxa3 27. Qg6 Nxe3 28. Qxe6+ Qxe6 29. Nxe6 Rc1+ 30. Rxc1 Bxc1 31. fxe3 a4 32. Nc5 a3 33. Kf2 a2 34. Nb3 Bb2 35. Kf3 Kf7 36. g4 fxg4+ 37. Kxg4 a1=Q 38. Nxa1 Bxa1 39. Kf5 g6+ 40. Kf4 Ke6 41. h4 Bb2 42. Kg4 Bc1 43. Kf4 g5+ 44. hxg5 hxg5+ 45. Kf3 Kf5 46. Kf2 Ke4 47. Ke2 g4 48. Kf2 Bxe3+ 0-1

[Event "7th Cattolica Open-B 2020"]
[Site "Cattolica"]
[Date "2020.09.06"]
[Round "7.4"]
[White "Cote, Frederic"]
[Black "Frescura, Davide"]
[Result "0-1"]
[ECO "B53"]
[WhiteElo "1917"]
[BlackElo "1916"]
[Annotator "ChessBase"]
[PlyCount "76"]
[EventDate "2020.08.31"]
[EventType "swiss"]
[EventCountry "ITA"]
[SourceTitle "playchess.com"]
[Source "ChessBase"]
[SourceQuality "1"]
[TimeControl "5400+30"]

1. Nf3 c5 2. e4 d6 3. d4 cxd4 4. Qxd4 Nc6 5. Bb5 Bd7 6. Bxc6 Bxc6 7. c4 Nf6 8. Nc3 g6 9. O-O Bg7 10. h3 O-O 11. Qd3 Nd7 12. Re1 Nc5 13. Qc2 Bxc3 14. Qxc3 Nxe4 15. Rxe4 Bxe4 16. Bh6 f6 17. Ng5 Bf5 18. g4 Bd7 19. Re1 Re8 20. Qd4 Qa5 21. Re3 Qc5 22. Qc3 d5 23. Rd3 Qxc4 24. Qxc4 dxc4 25. Rxd7 fxg5 26. Rxb7 Kf7 27. Bxg5 Rab8 28. Rxa7 Rxb2 29. Rc7 Rc2 30. a4 Ra8 31. Rxe7+ Kg8 32. Bf6 Rc8 33. Rg7+ Kf8 34. Rxh7 Rc6 35. Bg5 c3 36. h4 Rc4 37. f3 Rxa4 38. Rh8+ Kg7 0-1

[Event "7th Cattolica Open-B 2020"]
[Site "Cattolica"]
[Date "2020.09.06"]
[Round "7.5"]
[White "Rubinshtein, Kamilla"]
[Black "Antoniacci, Riccardo"]
[Result "0-1"]
[ECO "B22"]
[WhiteElo "1767"]
[BlackElo "1649"]
[Annotator "NA"]
[PlyCount "116"]
[EventDate "2020.08.31"]
[EventType "swiss"]
[EventCountry "ITA"]
[SourceTitle "playchess.com"]
[Source "ChessBase"]
[SourceQuality "1"]
[TimeControl "5400+30"]

1. e4 c5 2. c3 d5 3. exd5 Qxd5 4. d4 Nc6 5. Nf3 Bg4 6. Be2 e6 7. h3 Bh5 8. O-O Nf6 9. Be3 Rd8 10. Na3 cxd4 11. Nb5 Qd7 12. Nbxd4 Be7 13. Nxc6 Qxc6 14. Qb3 a6 15. Ne5 Qe4 16. Bxh5 Nxh5 17. Nf3 O-O 18. Rfe1 Qc6 19. a4 Rd7 20. a5 Bf6 21. Qb4 g6 22. Bb6 Re8 23. Rad1 Rxd1 24. Rxd1 e5 25. Qd6 Qb5 26. Qd7 Qxd7 27. Rxd7 e4 28. Nd2 Bg5 29. Nc4 Re7 30. Rc7 Rxc7 31. Bxc7 Ng7 32. Bd6 Ne8 33. Bc5 f5 34. Kf1 Kf7 35. Ke2 Ke6 36. Nb6 Bd8 37. c4 Bxb6 38. Bxb6 f4 39. Bd4 h5 40. Kd2 g5 41. Kc3 g4 42. hxg4 hxg4 43. b4 Nd6 44. Bc5 Nf5 45. b5 g3 46. fxg3 Nxg3 47. Kd2 Nf5 48. Ke2 Ke5 49. bxa6 bxa6 50. Bb6 Nh4 51. Kf2 e3+ 52. Kf1 Ke4 53. c5 Kd3 54. c6 e2+ 55. Kf2 Nxg2 56. Kxg2 e1=Q 57. c7 Qg3+ 58. Kh1 f3 0-1

[Event "7th Cattolica Open-B 2020"]
[Site "Cattolica"]
[Date "2020.09.06"]
[Round "7.6"]
[White "Beliman, Alexandro"]
[Black "Mammi, Ottavio"]
[Result "1-0"]
[ECO "B12"]
[WhiteElo "1732"]
[BlackElo "1633"]
[Annotator "NA"]
[PlyCount "97"]
[EventDate "2020.08.31"]
[EventType "swiss"]
[EventCountry "ITA"]
[SourceTitle "playchess.com"]
[Source "ChessBase"]
[SourceQuality "1"]
[TimeControl "5400+30"]

1. e4 c6 2. d4 d5 3. e5 Bf5 4. Nf3 e6 5. Be2 c5 6. c3 Nc6 7. a3 Rc8 8. Be3 b6 9. Nbd2 Bg4 10. O-O Nh6 11. h3 Bh5 12. Re1 Bg6 13. Nf1 Be7 14. Ng3 Nf5 15. Nxf5 Bxf5 16. Qd2 h6 17. Bd3 g5 18. Nh2 Rg8 19. Kf1 h5 20. Ke2 c4 21. Bxf5 exf5 22. g3 b5 23. Qc2 Qd7 24. f4 h4 25. Rg1 f6 26. gxh4 g4 27. hxg4 fxg4 28. Qh7 Kf8 29. f5 Ke8 30. Qxg8+ Bf8 31. e6 Qd6 32. Qf7+ Kd8 33. Qd7+ Qxd7 34. exd7 Kxd7 35. Nxg4 Be7 36. h5 Rh8 37. h6 Bf8 38. Nxf6+ Kd6 39. Bf4+ Ke7 40. Nxd5+ Kf7 41. Rg6 Ne7 42. Nxe7 Bxe7 43. Be5 Rh7 44. Rag1 Bf6 45. Rxf6+ Ke7 46. Rg7+ Rxg7 47. hxg7 Kd7 48. g8=Q Ke7 49. Rf7# 1-0

[Event "7th Cattolica Open-B 2020"]
[Site "Cattolica"]
[Date "2020.09.06"]
[Round "7.7"]
[White "Tagliaferri, Valerio"]
[Black "Bianco, Paolo"]
[Result "1-0"]
[ECO "D02"]
[WhiteElo "1777"]
[BlackElo "1476"]
[Annotator "NA"]
[PlyCount "47"]
[EventDate "2020.08.31"]
[EventType "swiss"]
[EventCountry "ITA"]
[SourceTitle "playchess.com"]
[Source "ChessBase"]
[SourceQuality "1"]
[TimeControl "5400+30"]

1. d4 Nf6 2. Nf3 e6 3. Bf4 c5 4. e3 Nc6 5. c3 d5 6. Nbd2 Bd6 7. Ne5 O-O 8. Bd3 Qe7 9. h3 Nd7 10. Ndf3 f6 11. Nxc6 bxc6 12. Bxd6 Qxd6 13. Qc2 g6 14. Rc1 e5 15. Bxg6 hxg6 16. Qxg6+ Kh8 17. Nh4 Nb6 18. dxc5 Qxc5 19. g4 Qc4 20. Rg1 Rb8 21. Nf5 Rb7 22. Qh6+ Kg8 23. g5 Rh7 24. gxf6+ 1-0

[Event "7th Cattolica Open-B 2020"]
[Site "Cattolica"]
[Date "2020.09.06"]
[Round "7.8"]
[White "Urbani, Gabriel"]
[Black "Mascia, Leonardo"]
[Result "1-0"]
[ECO "D00"]
[WhiteElo "1737"]
[BlackElo "1585"]
[Annotator "NA"]
[PlyCount "87"]
[EventDate "2020.08.31"]
[EventType "swiss"]
[EventCountry "ITA"]
[SourceTitle "playchess.com"]
[Source "ChessBase"]
[SourceQuality "1"]
[TimeControl "5400+30"]

1. d4 d5 2. e3 e6 3. Bd3 Bd6 4. f4 c5 5. c3 f5 6. Nf3 Nf6 7. O-O O-O 8. c4 b6 9. Nc3 Nc6 10. a3 a6 11. b3 Ne4 12. Bb2 Qc7 13. cxd5 Nxc3 14. Bxc3 exd5 15. Bb2 Na5 16. dxc5 bxc5 17. Rc1 Qb6 18. Bc2 Be6 19. Ng5 Be7 20. Qh5 Bxg5 21. Qxg5 Rf7 22. Rf3 Nxb3 23. Bxb3 Qxb3 24. Be5 Qxa3 25. Rb1 Qd3 26. Rb2 c4 27. Rg3 g6 28. Qh6 Re7 29. Rxg6+ hxg6 30. Qxg6+ Kf8 31. Qh6+ Ke8 32. Qh8+ Kd7 33. Qxa8 Qxe3+ 34. Kf1 Qd3+ 35. Kf2 c3 36. Rb7+ Kc6 37. Rxe7+ Kb5 38. Qb7+ Ka4 39. Qc6+ Kb3 40. Qxc3+ Qxc3 41. Bxc3 Kxc3 42. Rxe6 a5 43. Ra6 Kb4 44. Ke3 1-0

[Event "7th Cattolica Open-B 2020"]
[Site "Cattolica"]
[Date "2020.09.06"]
[Round "7.9"]
[White "Palozza, Flavio"]
[Black "Di Maulo, Alessandra"]
[Result "1/2-1/2"]
[ECO "A13"]
[WhiteElo "1619"]
[BlackElo "1751"]
[Annotator "NA"]
[PlyCount "97"]
[EventDate "2020.08.31"]
[EventType "swiss"]
[EventCountry "ITA"]
[SourceTitle "playchess.com"]
[Source "ChessBase"]
[SourceQuality "1"]
[TimeControl "5400+30"]

1. Nf3 d5 2. b3 Nf6 3. Bb2 e6 4. c4 Be7 5. e3 O-O 6. Nc3 b6 7. cxd5 Nxd5 8. d4 Bb7 9. g3 Nd7 10. Bg2 N7f6 11. O-O c5 12. Rc1 Rc8 13. Qe2 cxd4 14. Nxd4 Nxc3 15. Bxc3 Bxg2 16. Kxg2 Qd5+ 17. Kg1 Qb7 18. Rfd1 Rfd8 19. Bb2 Nd5 20. Qg4 Nf6 21. Qe2 Nd5 22. e4 Nf6 23. e5 Nd5 24. Qg4 Bc5 25. Nf3 Ne7 26. Ng5 Ng6 27. h4 h6 28. Ne4 Qe7 29. h5 Nf8 30. Nxc5 bxc5 31. Rxd8 Rxd8 32. Rc4 Rd5 33. Rc1 Qd7 34. Re1 Rd2 35. Bc1 Rd4 36. Qf3 Nh7 37. Be3 Rd5 38. Bf4 Qd8 39. Rc1 Ng5 40. Qe2 Nh3+ 41. Kg2 Nxf4+ 42. gxf4 Qh4 43. Qf3 Rd4 44. Rc4 Rxc4 45. bxc4 Qe7 46. Qa8+ Kh7 47. Qe4+ Kg8 48. Qa8+ Kh7 49. Qe4+ 1/2-1/2

[Event "7th Cattolica Open-B 2020"]
[Site "Cattolica"]
[Date "2020.09.06"]
[Round "7.10"]
[White "Pizzoferrato, Mattia"]
[Black "Danese, Aldo"]
[Result "1-0"]
[ECO "B00"]
[WhiteElo "1854"]
[BlackElo "1634"]
[Annotator "NA"]
[PlyCount "149"]
[EventDate "2020.08.31"]
[EventType "swiss"]
[EventCountry "ITA"]
[SourceTitle "playchess.com"]
[Source "ChessBase"]
[SourceQuality "1"]
[TimeControl "5400+30"]

1. e4 b6 2. d4 e6 3. Bd3 Bb7 4. Nf3 Ne7 5. c4 Ng6 6. O-O Be7 {[%emt 0:00:26] B00: Queen's Fianchetto Defence, Nimzowitsch Defence.} 7. Nc3 {[%emt 0:01:26] [#]} d6 $146 ({Predecessor:} 7... O-O 8. a3 d6 9. b4 c5 10. bxc5 dxc5 11. d5 e5 12. Ne2 Bc8 13. Nd2 Qd6 14. Nb1 {1-0 (34) Neumann,T (2130)-Engelhardt,E (1847) Berlin 2012}) 8. Qe2 Nd7 9. Re1 e5 10. Be3 O-O 11. Rad1 Bf6 12. Bc2 Qc8 13. b4 Re8 14. d5 Qd8 15. Qd2 h6 16. Ne2 Ndf8 17. Ba4 Re7 18. Ng3 Bc8 19. Nf5 Bxf5 20. exf5 Nh4 21. Nxh4 Bxh4 22. Bxh6 Nh7 23. Re4 Bf6 24. Rg4 Kh8 25. Be3 a5 26. h4 axb4 27. Bc6 Ra5 (27... Ra7 $14) 28. h5 (28. Qxb4 $16 Qc8 29. Qb1) 28... Qc8 29. Qc2 (29. Qd3 $11 {keeps the balance.}) 29... Qa6 $2 ({Black should try} 29... e4 $1 $17 30. Qe2 (30. Rxe4 $2 Qxf5 {[%mdl 64] Double Attack} 31. Rxe7 Qxc2 $19) 30... Qxf5) 30. a4 Qc8 (30... bxa3 $16 31. Bd2 e4) 31. Qe4 b3 32. h6 b2 33. Rb1 Qa6 34. Rxb2 Rxa4 35. Bxa4 Qxa4 36. Rb1 Re8 37. hxg7+ Bxg7 38. g3 Nf6 39. Rh4+ Kg8 40. Qd3 Qa2 41. g4 e4 42. Qf1 Nh7 43. g5 $18 f6 44. gxf6 Nxf6 45. Bh6 Re7 46. Bg5 Kf7 47. Re1 Qc2 48. Qg2 Qc3 49. Rc1 Qe5 50. Bxf6 Qxf6 51. Qg4 e3 52. fxe3 Rxe3 53. Qg6+ Qxg6+ 54. fxg6+ Kxg6 55. Rg4+ Kh6 56. Kf2 Rh3 57. Kg2 Rh5 58. Rh1 Be5 59. Rxh5+ Kxh5 60. Rg8 Bd4 61. Kf3 Kh6 62. Ke4 Bc5 63. Kf5 Kh7 64. Rg2 Bd4 65. Ke6 Kh6 66. Kd7 Bc5 67. Kxc7 Kh5 68. Rb2 Kg5 69. Rxb6 Kf5 70. Rxd6 Ke5 71. Rc6 Bb4 72. d6 Ba5+ 73. Kc8 Ke6 74. d7+ Ke7 75. Rc7 1-0